 Dungeon Crawl Stone Soup version 0.25.0-46-gbd7b0854d2 (console) character file.

Game seed: 2117642040267019926

684 Colgate the Thaumaturge (level 7, 32/32 HPs)
             Began as a Spriggan Earth Elementalist on July 15, 2020.
             Was an Initiate of Gozag.
             Quit the game in the Ecumenical Temple.
             The game lasted 00:50:44 (3670 turns).

Colgate the Thaumaturge (SpEE)                      Turns: 3670, Time: 00:50:44

Health: 32/32      AC:  3    Str:  4    XL:     7   Next: 35%
Magic:  20/20      EV: 19    Int: 24    God:    Gozag
Gold:   98         SH:  5    Dex: 23    Spells: 20/24 levels left

rFire    + . .     SeeInvis +   E - +0 hand crossbow
rCold    + . .     Gourm    .   (shield restricted)
rNeg     . . .     Faith    .   c - +0 robe
rPois    +         Spirit   .   (helmet restricted)
rElec    +         Reflect  +   v - +0 cloak
rCorr    +         Harm     .   (gloves unavailable)
MR       +....                  (boots unavailable)
Stlth    +++.......             w - amulet of reflection
HPRegen  0.10/turn              z - +6 ring of dexterity
MPRegen  0.17/turn              A - +6 ring of intelligence

@: mighty, resistant, stab, very slightly contaminated, invisible, very quick
A: very small, unfitting armour, see invisible, herbivore, speed 3, slow
metabolism 2
a: Potion Petition, Call Merchant, Bribe Branch, Renounce Religion


You were in the Ecumenical Temple.
You worshipped Gozag.
Gozag was noncommittal.
You were not hungry.

You visited 2 branches of the dungeon, and saw 5 of its levels.

You collected 142 gold pieces.
You paid 44 gold pieces to Gozag.

Inventory:

Hand Weapons
 h - a +0 whip
 o - a +0 short sword
 E - a +0 hand crossbow (weapon)
 G - the +1 short sword of Might {speed, Dex+4}
   (You found it on level 4 of the Dungeon)

   Attacks with this weapon are significantly faster.
   It affects your dexterity (+4).
Missiles
 a - 17 bolts (quivered)
 b - 10 stones
 i - 33 sling bullets
 m - 5 boomerangs
 t - 13 arrows
 D - 3 silver boomerangs
Armour
 c - a +0 robe (worn)
 v - a +0 cloak (worn)
Jewellery
 w - an amulet of reflection (around neck)
 z - a +6 ring of dexterity (left hand)
 A - a +6 ring of intelligence (right hand)
Scrolls
 e - 3 scrolls of magic mapping
 f - a scroll of teleportation
 n - a scroll of blinking {unknown}
 p - 4 scrolls of identify
 r - a scroll of amnesia {unknown}
 y - a scroll of noise {unknown}
 B - a scroll of immolation {unknown}
Potions
 j - a potion of ambrosia {unknown}
 k - a potion of invisibility {unknown}
 l - a potion of heal wounds {unknown}
 q - 4 potions of flight {unknown}
 s - 4 potions of curing
 u - a potion of cancellation {unknown}
 x - a potion of lignification {unknown}
 C - a potion of degeneration {unknown}
 F - a potion of experience {unknown}
Comestibles
 d - 8 rations


   Skills:
 - Level 1.3 Short Blades
 - Level 3.0 Dodging
 - Level 3.0 Stealth
 + Level 9.1 Spellcasting
   Level 1.3 Transmutations
 - Level 4.0 Earth Magic


You had 20 spell levels left.
You knew the following spells:

 Your Spells              Type           Power        Failure   Level  Hunger
a - Sandblast             Erth           ####..       1%          1    None
b - Stone Arrow           Conj/Erth      ###...       8%          3    None

Your spell library contained the following spells:

 Spells                   Type           Power        Failure   Level  Hunger
 Passwall                 Tmut/Erth      ###.....     3%          2    None
 Petrify                  Tmut/Erth      ###.....     19%         4    ##.....
 Lee's Rapid Deconstruct  Erth           ####......   30%         5    ####...


Dungeon Overview and Level Annotations

Branches:
Dungeon (4/15)             Temple (1/1) D:4

Altars:
Ashenzari
Cheibriados
Dithmenos
Gozag
Kikubaaqudgha
Uskayaw
Wu Jian
Zin


Innate Abilities, Weirdness & Mutations

You are very small and have problems with some larger weapons.
You are too small for most types of armour.
You have supernaturally acute eyesight. (SInv)
You are a herbivore.
You cover ground extremely quickly.
You need to consume almost no food.


Message History

Found an ancient bone altar of Kikubaaqudgha.
Found an ornate altar of the Wu Jian Council.
Found a shadowy altar of Dithmenos.
Found an opulent altar of Gozag.
You have 142 gold pieces.
Found a glowing silver altar of Zin.
Found a shattered altar of Ashenzari.
There is an opulent altar of Gozag here.
You kneel at the altar of Gozag.
Gozag welcomes you!
You pay a service fee of 44 gold.
Gozag offers you a free set of potion effects!
Okay, then. [a] - 0 gold - haste and flight [b] - 0 gold - resistance and flight [c] - 0 gold - resistance, might, stabbing and invisibility Purchase which effect?
You feel protected.
You feel very mighty all of a sudden.
You feel ready to backstab.
You fade into invisibility!
You are very lightly contaminated with residual magic.
Are you sure you want to abandon this character and quit the game? (Confirm with "yes".)

...#.......# #.........
#....<.... #.
.##...##...#.........
...#..._...#...#.......#
..#.....#.#...#.......#
#...⌠.....#...##...##.
#._.#.#._.......###...
#.....⌠...#...........
#.#.....#...........#
#...@...#.......#####
....##...##......###
......#.#......###
#...........###
###.......### #########


There were no monsters in sight!

Vanquished Creatures
  Grinder (D:4)
  Sigmund (D:4)
  An ogre (D:4)
  A scorpion (D:4)
  An orc wizard (D:3)
  A worker ant (D:4)
  4 gnolls
  4 adders
  An adder skeleton (D:4)
  6 worms
  5 dart slugs
  3 leopard geckos
  6 orcs
  5 giant cockroaches
  10 goblins
  6 hobgoblins
  2 jackals (D:4)
  4 kobolds (D:1)
  A quokka (D:2)
  4 ball pythons
  9 bats
  3 frilled lizards
  7 rats
86 creatures vanquished.

Notes
Turn   | Place    | Note
-------+----------+-------------------------------------------
     0 | D:1      | Colgate the Spriggan Earth Elementalist began the quest for
                  | the Orb.
     0 | D:1      | Reached XP level 1. HP: 9/9 MP: 5/5
   235 | D:1      | Reached skill level 3 in Spellcasting
   235 | D:1      | Reached XP level 2. HP: 13/13 MP: 5/7
   582 | D:1      | Reached XP level 3. HP: 16/16 MP: 2/8
  1377 | D:2      | Reached XP level 4. HP: 21/21 MP: 6/10
  1451 | D:2      | Reached skill level 4 in Spellcasting
  1530 | D:2      | Reached skill level 1 in Short Blades
  2183 | D:3      | Reached XP level 5. HP: 24/24 MP: 11/13
  2372 | D:3      | Reached skill level 5 in Spellcasting
  2377 | D:3      | Learned a level 3 spell: Stone Arrow
  2889 | D:4      | Noticed Grinder
  2971 | D:4      | Paralysed by Grinder for 7 turns
  3215 | D:4      | Noticed Sigmund
  3237 | D:4      | Killed Sigmund
  3237 | D:4      | Reached skill level 6 in Spellcasting
  3237 | D:4      | Reached XP level 6. HP: 12/28 MP: 10/16
  3273 | D:4      | Killed Grinder
  3273 | D:4      | Reached skill level 8 in Spellcasting
  3273 | D:4      | Reached XP level 7. HP: 17/32 MP: 10/19
  3439 | D:4      | Got a slimy short sword
  3440 | D:4      | Identified the cursed +1 short sword of Might {speed,
                  | Dex+4} (You found it on level 4 of the Dungeon)
  3576 | D:4      | Reached skill level 9 in Spellcasting
  3623 | D:4      | Found a staircase to the Ecumenical Temple.
  3631 | Temple   | Entered the Ecumenical Temple
  3668 | Temple   | Became a worshipper of Gozag Ym Sagoz the Greedy
  3670 | Temple   | Quit the game

Illustrated notes

Levels and vault maps discovered:
D:1:      shiori_shiawase, layout_loops_ring
D:2:      wad_pebble_path, layout_basic, first_ration, minmay_heptomino_w4
D:3:      layout_loops_ring
D:4:      layout_basic, minmay_temple_entry_slanted, uniq_sigmund, uniq_grinder
Temple:   regret_index_temple_sphere_string

Skill      XL: |  1  2  3  4  5  6  7 |
---------------+----------------------+-----
Earth Magic    | 3 4 |  4.0
Spellcasting   | 3 4 6 8 9 |  9.1
Short Blades   | 1 |  1.3
Dodging        | |  3.0
Stealth        | |  3.0
Transmutations | |  1.3

Action                   |  1- 3 |  4- 6 |  7- 9 || total
-------------------------+-------+-------+-------++-------
Melee: Whip              |     2 |       |       ||     2
       Short sword       |    12 |    45 |     6 ||    63
 Fire: Hand crossbow     |       |     6 |     1 ||     7
Throw: Boomerang         |       |    23 |     2 ||    25
 Cast: Sandblast         |    42 |    52 |    10 ||   104
       Stone Arrow       |       |       |     2 ||     2
Invok: Potion Petition   |       |       |     1 ||     1
  Use: Scroll            |       |       |     4 ||     4
 Stab: Sleeping          |     7 |     8 |       ||    15
       Distracted        |       |     1 |       ||     1
Armor: Robe              |     2 |     4 |       ||     6
Dodge: Dodged            |    17 |    60 |     7 ||    84
Block: Other             |       |    11 |     2 ||    13
       Reflection        |       |     5 |       ||     5
